 Dungeon Crawl Stone Soup version 0.28.0 (webtiles) character file.

Game seed: 4146668275908085173

1787 Akaron the Covert (level 9, -1/59 HPs)
             Began as an Octopode Brigand on Feb 16, 2022.
             Was an Initiate of Dithmenos.
             Succumbed to an orc wizard's poison
             ... on level 7 of the Dungeon.
             The game lasted 00:11:58 (6740 turns).

Akaron the Covert (Octopode Brigand)                Turns: 6740, Time: 00:11:58

Health: -1/59      AC:  1    Str: 10    XL:     9   Next: 8%
Magic:  18/18      EV: 13    Int: 14    God:    Dithmenos [......]
Gold:   380        SH:  0    Dex: 17    Spells: 6/8 levels left

rFire   + . .      SeeInvis .   g - +0 flail (protect)
rCold   . . .      Faith    .   y - +0 kite shield
rNeg    . . .      Spirit   +   (helmet restricted)
rPois   .          Reflect  .   f - amulet of guardian spirit
rElec   .          Harm     .   h - ring of magical power
rCorr   .          Rampage  .   j - ring of protection from fire
Will    .....                   (no ring)
Stlth   +++.......              (no ring)
HPRegen 0.19/turn               (no ring)
MPRegen 0.16/turn               (no ring)
                                (no ring)
                                (no ring)

@: confused, mighty, lethally poisoned (-1 -> -31), ambrosia-drunk
A: almost no armour, amphibious, 8 rings, camouflage 1, gelatinous body 1,
(nimble swimmer 1), tentacles
a: Renounce Religion


You were on level 7 of the Dungeon.
You worshipped Dithmenos.
Dithmenos was noncommittal.
You visited 2 branches of the dungeon, and saw 10 of its levels.

You collected 380 gold pieces.

Inventory:

Hand Weapons
 a - a +2 dagger
 g - a +0 flail of protection (weapon)
Missiles
 b - 12 poisoned darts (quivered)
 c - 3 curare-tipped darts
 i - 5 boomerangs
 t - a throwing net
Armour
 y - a +0 kite shield (worn)
Jewellery
 f - an amulet of guardian spirit (around mantle)
 h - a ring of magical power (left tentacle)
 j - a ring of protection from fire (right tentacle)
Wands
 u - a wand of charming (26)
Scrolls
 k - 4 scrolls of identify
 q - 3 scrolls of teleportation
 r - a scroll of blinking {unknown}
 v - 2 scrolls of enchant armour {unknown}
 w - a scroll of magic mapping {unknown}
 x - a scroll of torment {unknown}
Potions
 d - 2 potions of curing
 e - 2 potions of mutation
 l - a potion of heal wounds {unknown}
 m - a potion of magic {unknown}
 n - a potion of attraction {unknown}
 o - 2 potions of might
 p - a potion of invisibility {unknown}
 s - a potion of ambrosia


   Skills:
 + Level 4.5 Fighting
 + Level 2.0 Short Blades
 + Level 7.6 Maces & Flails
 + Level 2.5 Throwing
 + Level 4.1 Dodging
 - Level 8.4 Stealth
 + Level 0.1 Spellcasting
 + Level 3.1 Transmutations


You had 6 spell levels left.
You knew the following spells:

 Your Spells              Type           Power      Damage    Failure   Level
a - Wereblood             Tmut           8%         N/A       41%         2

Your spell library contained the following spells:

 Spells                   Type           Power      Damage    Failure   Level
 Beastly Appendage        Tmut           16%        N/A       28%         1
 Apportation              Tloc           0%         N/A       71%         1
 Slow                     Hex            0%         N/A       71%         1
 Spider Form              Tmut/Pois      4%         N/A       86%         3
 Confusing Touch          Hex            0%         N/A       97%         3
 Vampiric Draining        Necr           0%         2d6       97%         3
 Ice Form                 Ice/Tmut       4%         N/A       99%         4
 Hailstorm                Conj/Ice       0%         3d3       100%        4
 Alistair's Intoxication  Tmut/Pois      2%         N/A       100%        5
 Simulacrum               Ice/Necr       0%         N/A       100%        6


Dungeon Overview and Level Annotations

Branches:
Dungeon (9/15)             Temple (1/1) D:6            Lair (0/6) D:9
    Orc: D:9-12

Altars:
Ashenzari
Dithmenos
Elyvilon
Fedhas
Gozag
Hepliaklqana
Kikubaaqudgha
Makhleb
Nemelex Xobeh
Okawaru
Qazlal
Ru
Sif Muna
Trog
Uskayaw
Vehumet
Wu Jian
Xom
Yredelemnul
Zin
The Shining One

Shops:
D:3 !


Innate Abilities, Weirdness & Mutations

You cannot wear most types of armour.
You are amphibious.
You can wear up to eight rings at the same time.
Your skin changes colour to match your surroundings (Stealth+).
Your rubbery body absorbs attacks. (AC +1, EV +1)
((You are camouflaged when in or above water. (Stealth+)))
You have tentacles for arms and can constrict up to eight enemies at once.


Message History

* * * LOW HITPOINT WARNING * * *
You are more poisoned.
You feel better. Something hits you.
* * * LOW HITPOINT WARNING * * *
You are lethally poisoned!
Okay, then.
You are confused.
You feel invigorated.
* * * LOW HITPOINT WARNING * * *
You feel very sick. Something barely misses you.
You feel sick.
You see here a +0 club.
Your primal bloodlust has ended.
You feel sick.
You bump into the rock wall.
You feel sick. Something hits you.
* * * LOW HITPOINT WARNING * * *
You are more poisoned.
You bump into the rock wall.
You feel very sick. Something hits you.
* * * LOW HITPOINT WARNING * * *
You are lethally poisoned!
You bump into the rock wall.
* * * LOW HITPOINT WARNING * * *
You feel very sick. Something hits you.
* * * LOW HITPOINT WARNING * * *
You are more poisoned.
You're too confused to move!
* * * LOW HITPOINT WARNING * * *
You feel extremely sick. Something hits you.
* * * LOW HITPOINT WARNING * * *
You are more poisoned.
You miss something. Your squeeze misses something.
* * * LOW HITPOINT WARNING * * *
You feel extremely sick. Something hits you.
You die...

#
########.#.......))....<...###
...........#####..########.#
########.#.# #..# #.# #.#.#
#..# #.# #.#.#####..# #.#
#.#........# #.# #.#....##.##
#.# #......$..# ###.##@####
...##.# ######{# #o# #)# #.#
#.# #.. ###


You could see an orc.

Vanquished Creatures
  Sigmund (D:6)
  Edmund (D:6)
  A water moccasin (D:6)
  A black bear (D:6)
  3 orc warriors
  A phantom (D:5)
  A kobold brigand (D:6)
  3 bullfrogs
  A gnoll sergeant (D:7)
  2 scorpions (D:5)
  A water moccasin zombie (D:5)
  A water moccasin skeleton (D:5)
  A bullfrog zombie (D:6)
  Crazy Yiuf (D:4)
  A centaur zombie (D:5)
  A jelly (D:5)
  A hound (D:5)
  3 iguanas
  A howler monkey skeleton (D:6)
  3 adders
  7 gnolls
  An ufetubus (D:6)
  3 worms (D:2)
  5 dart slugs
  11 orcs
  5 ball pythons
  An endoplasm (D:2)
  3 giant cockroaches
  3 goblins
  4 hobgoblins
  A quokka (D:2)
  4 bats
  A frilled lizard (D:2)
  9 kobolds
  3 rats
90 creatures vanquished.

Vanquished Creatures (others)
  5 plants (D:9)
5 creatures vanquished.

Grand Total: 95 creatures vanquished

Notes
Turn   | Place    | Note
-------+----------+-------------------------------------------
     0 | D:1      | Akaron the Octopode Brigand began the quest for the Orb.
     0 | D:1      | Reached XP level 1. HP: 14/14 MP: 1/1
   480 | D:1      | Reached XP level 2. HP: 16/19 MP: 2/2
   628 | D:2      | Found a faded altar of an unknown god.
   634 | D:2      | Reached skill level 6 in Stealth
   956 | D:2      | Reached XP level 3. HP: 24/24 MP: 3/3
  1012 | D:2      | Found a basalt altar of Yredelemnul.
  1242 | D:3      | Found Mesimam's Distillery.
  1249 | D:3      | Reached skill level 1 in Maces & Flails
  1606 | D:3      | Found a radiant altar of Vehumet.
  2218 | D:4      | Reached XP level 4. HP: 29/29 MP: 4/4
  2230 | D:4      | Reached skill level 7 in Stealth
  2736 | D:4      | Found a sacrificial altar of Ru.
  2868 | D:4      | Reached XP level 5. HP: 22/35 MP: 5/5
  3075 | D:4      | Found a runed translucent door.
  3076 | D:4      | Noticed Crazy Yiuf
  3268 | D:4      | Killed Crazy Yiuf
  3518 | D:5      | Entered Level 5 of the Dungeon
  3672 | D:5      | Reached XP level 6. HP: 34/41 MP: 6/6
  3775 | D:5      | Reached skill level 8 in Stealth
  3898 | D:5      | Reached XP level 7. HP: 41/45 MP: 7/7
  4079 | D:5      | Learned a level 2 spell: Wereblood
  4312 | D:5      | Reached skill level 5 in Maces & Flails
  4312 | D:5      | Reached skill level 1 in Transmutations
  4736 | D:6      | Reached XP level 8. HP: 36/52 MP: 8/8
  5368 | D:6      | Noticed Sigmund
  5379 | D:6      | Killed Sigmund
  5429 | D:6      | Noticed Edmund
  5441 | D:6      | Killed Edmund
  5606 | D:6      | Found a staircase to the Ecumenical Temple.
  5621 | Temple   | Entered the Ecumenical Temple
  5714 | Temple   | Became a worshipper of Dithmenos the Shadowed
  5861 | D:6      | Found a shimmering blue altar of Sif Muna.
  5994 | D:6      | You fall into a shaft and drop 3 floors!
  5994 | D:9      | Noticed a komodo dragon
  5994 | D:9      | Found a staircase to the Lair.
  6015 | D:8      | Found a broken altar of Ashenzari.
  6018 | D:7      | Found a hazy altar of Hepliaklqana.
  6597 | D:7      | Reached XP level 9. HP: 40/59 MP: 9/9
  6730 | D:7      | HP: 2/59 [something (2)]
  6739 | D:7      | HP: 2/59 [poisoned by an orc wizard]
  6740 | D:7      | Succumbed to an orc wizard's poison

Illustrated notes

Levels and vault maps discovered:
D:1:      nicolae_arrival_memento_mori, layout_basic
D:2:      layout_basic, chequers_ecumenical_altar_island, basic_altar
D:3:      layout_basic, amcnicky_altar_gilded, serial_shops, shop,
          nicolae_concentric_dashed_squares_mild, kennysheep_donut
D:4:      layout_loops_ring, kennysheep_mini, uniq_crazy_yiuf_cottage
D:5:      layout_loops_ring
D:6:      layout_layer_cave, mainiacjoe_overflow_small_starburst,
          minmay_temple_entry_overgrown, sigmund_edmund_badplayer
D:7:      layout_loops_ring, mainiacjoe_overflow_catwalk,
          minmay_a_box_with_orc_wizards_in_it, uniq_prince_ribbit1
D:8:      layout_cave_pods, nicolae_ashenzari_skybound
D:9:      layout_loops_ring, slow_altar_2, david_lair_shrubbed,
          minmay_tree_intersection, minmay_starry_boxes, uniq_erolcha
Temple:   lightli_temple_of_artemis

Skill      XL: |  1  2  3  4  5  6  7  8 |
---------------+-------------------------+-----
Stealth        | 6 7 8 |  8.4
Maces & Flails | 1 2 3 4 5 7 |  7.6
Dodging        | 2 3 4 |  4.1
Fighting       | 3 4 |  4.5
Transmutations | 1 3 |  3.1
Short Blades   | |  2.0
Throwing       | |  2.5
Spellcasting   | |  0.1

Action                   |  1- 3 |  4- 6 |  7- 9 || total
-------------------------+-------+-------+-------++-------
Melee: Flail             |    55 |    64 |   141 ||   260
       Dagger            |     3 |       |       ||     3
       Constrict         |    13 |    18 |    28 ||    59
       Tentacles         |     6 |    13 |    33 ||    52
       Punch             |     1 |     2 |     6 ||     9
Throw: Boomerang         |       |       |     5 ||     5
       Dart              |       |       |     3 ||     3
 Cast: Wereblood         |       |       |     2 ||     2
  Use: Scroll            |       |     2 |     4 ||     6
       Potion            |       |       |     4 ||     4
 Stab: Sleeping          |    19 |     7 |     3 ||    29
       Distracted        |       |       |     2 ||     2
Armor: Skin              |    12 |    10 |    32 ||    54
Dodge: Dodged            |    18 |    40 |   107 ||   165
Block: Kite shield       |       |       |     3 ||     3
